 Dungeon Crawl Stone Soup version 0.30-a0-743-gbfdf073431 (webtiles) character file.

Game seed: 2752590078859103420

361 hikkokomori the Slasher (level 6, 0/48 HPs)
             Began as a Demonspawn Gladiator on Feb 7, 2023.
             Was a Follower of Okawaru.
             Slain by a gnoll
             ... wielding a +0 halberd
              (6 damage)
             ... on level 4 of the Dungeon.
             The game lasted 00:05:44 (2799 turns).

hikkokomori the Slasher (Demonspawn Gladiator)      Turns: 2799, Time: 00:05:44

Health: 0/48       AC:  7    Str: 14    XL:     6   Next: 38%
Magic:  8/8        EV: 12    Int: 16    God:    Okawaru [*.....]
Gold:   152        SH:  0    Dex: 16    Spells: 5/5 levels left

rFire   . . .      SeeInvis .    a - +0 long sword
rCold   . . .      Faith    .    (no shield)
rNeg    + . .      Spirit   .    b - +0 leather armour
rPois   .          Reflect  .    c - +0 helmet
rElec   .          Harm     .    (no cloak)
rCorr   .          Rampage  .    t - +0 pair of gloves
Will    .....                    (no boots)
Stlth   ++                       (no amulet)
HPRegen 0.28/turn                q - ring of positive energy
MPRegen 0.11/turn                r - +6 ring of intelligence

@: no status effects
A: molten scales 1, demonic magic 2
a: Renounce Religion, Heroism


You were on level 4 of the Dungeon.
You worshipped Okawaru.
Okawaru was aware of your devotion.
You visited 1 branch of the dungeon, and saw 4 of its levels.

You collected 152 gold pieces.

Inventory:

Hand Weapons
 a - a +0 long sword (weapon)
 k - a +0 short sword of venom
 u - a +1 dagger of freezing
Missiles
 d - a throwing net (quivered)
 e - a javelin
Armour
 b - a +0 leather armour (worn)
 c - a +0 helmet (worn)
 t - a +0 pair of gloves (worn)
Jewellery
 q - a ring of positive energy (left hand)
 r - a +6 ring of intelligence (right hand)
Scrolls
 f - 2 scrolls of fear {unknown}
 h - 2 scrolls of enchant armour {unknown}
 i - a scroll of teleportation {unknown}
 j - a scroll of enchant weapon {unknown}
 l - 2 scrolls of amnesia
 o - a scroll of magic mapping {unknown}
 s - a scroll of vulnerability {unknown}
Potions
 g - a potion of might
 m - a potion of curing {unknown}
 n - a potion of mutation
 p - 2 potions of haste
 v - a potion of heal wounds {unknown}


   Skills:
 + Level 3.8 Fighting
 + Level 4.1 Long Blades
 - Level 1.7 Throwing
 - Level 2.6 Dodging
 + Level 3.1 Stealth
 + Level 3.6 Invocations


You had 5 spell levels left.
You didn't know any spells.
Your spell library contained the following spells:

 Spells                   Type           Power      Damage    Failure   Level
 Ozocubu's Armour         Ice            0%         N/A       67%         3
 Metabolic Englaciation   Hex/Ice        0%         N/A       100%        5
 Simulacrum               Ice/Necr       Unusable   N/A       N/A         6

Dungeon Overview and Level Annotations

Branches:
Dungeon (4/15)             Temple (0/1) D:4

Altars:
Gozag
Okawaru
Uskayaw


Innate Abilities, Weirdness & Mutations

You are partially covered in molten scales. (AC +2)
Spells you cast may paralyse nearby enemies.


Message History

The quokka barely misses you.
You hit the hound.
You kill the hound!
Okawaru accepts your kill. The gnoll hits you but does no damage.
The quokka closely misses you.
You barely miss the quokka.
The gnoll splashes around in the water.
The quokka closely misses you. The gnoll barely misses you.
The quokka barely misses you.
You miss the quokka. The quokka barely misses you.
The gnoll closely misses you.
You slash the quokka!
You kill the quokka!
Okawaru accepts your kill.
The gnoll hits you from afar with a +0 halberd!
The gnoll barely misses you.
Things that are here:
a +0 halberd; a gnoll corpse You closely miss the gnoll.
The gnoll hits you with a +0 halberd!
You are too injured to fight recklessly!
You are too injured to fight recklessly!
You are too injured to fight recklessly!
You are too injured to fight recklessly!
You are too injured to fight recklessly!
You are too injured to fight recklessly!
You are too injured to fight recklessly!
You are too injured to fight recklessly!
You are too injured to fight recklessly!
You are too injured to fight recklessly!
You are too injured to fight recklessly!
You are too injured to fight recklessly!
You are too injured to fight recklessly!
You are too injured to fight recklessly!
You are too injured to fight recklessly!
You closely miss the gnoll. The gnoll misses you.
You slash the gnoll!
The gnoll is heavily wounded.
The gnoll hits you with a +0 halberd!
* * * LOW HITPOINT WARNING * * *
The gnoll hits you with a +0 halberd.
You die...

#.........
.....####...#.........
...........#...###...
.####...P.P....##'####...
.......P~.~....#....#....
........~P~....#....#....
........~.~P...#....#....
.......PgP~P...#....#....
.......†@.P....#....#....
.......†.......#....#....
......#........#....+....
#####+#........##########
.........#+##...#.....
..........#......'.....
...........#......#.....
...........'......#.....
...........########.....


You could see a gnoll.

Vanquished Creatures
  Edmund (D:4)
  2 hounds (D:4)
  5 gnolls
  4 adders
  3 worms
  2 dart slugs (D:2)
  An orc (D:3)
  9 ball pythons
  6 bats
  3 endoplasms
  6 giant cockroaches
  10 goblins
  7 hobgoblins
  7 jackals
  5 kobolds
  4 quokkas
  11 frilled lizards
  6 rats
92 creatures vanquished.

Vanquished Creatures (others)
  3 plants (D:3)
3 creatures vanquished.

Grand Total: 95 creatures vanquished

Notes
Turn   | Place    | Note
-------+----------+-------------------------------------------
     0 | D:1      | hikkokomori the Demonspawn Gladiator began the quest for
                  | the Orb.
     0 | D:1      | Reached XP level 1. HP: 16/16 MP: 1/1
   150 | D:1      | Gained mutation: You are partially covered in molten
                  | scales. (AC +2) [demonic ancestry]
   150 | D:1      | Reached XP level 2. HP: 22/22 MP: 2/2
   267 | D:1      | Reached skill level 1 in Stealth
   458 | D:1      | Reached skill level 3 in Long Blades
   750 | D:2      | Found an iron altar of Okawaru.
   769 | D:2      | Became a worshipper of Warmaster Okawaru
   778 | D:2      | Gained mutation: Spells you cast may paralyse adjacent
                  | enemies. [demonic ancestry]
   778 | D:2      | Reached XP level 3. HP: 28/28 MP: 3/3
   852 | D:2      | Reached skill level 1 in Invocations
  1269 | D:3      | Gained mutation: Spells you cast may paralyse nearby
                  | enemies. [demonic ancestry]
  1269 | D:3      | Reached XP level 4. HP: 34/34 MP: 5/5
  1531 | D:3      | Found a hide-covered altar of Uskayaw.
  2121 | D:4      | Found an opulent altar of Gozag.
  2194 | D:4      | Found a staircase to the Ecumenical Temple.
  2347 | D:4      | Noticed Edmund
  2368 | D:4      | Killed Edmund
  2368 | D:4      | Reached * piety under Okawaru
  2369 | D:4      | Reached XP level 5. HP: 39/41 MP: 5/7
  2645 | D:3      | Reached XP level 6. HP: 38/47 MP: 8/8
  2772 | D:4      | Reached skill level 4 in Long Blades
  2799 | D:4      | Slain by a gnoll

Illustrated notes

Levels and vault maps discovered:
D:1:      giann_wishing_wells, layout_loops_ring
D:2:      layout_rooms, basic_altar
D:3:      layout_basic, mainiacjoe_overflow_alcove_1, amethyst_killhole,
          minmay_lizard_king
D:4:      layout_gridville, general_overflow_altar,
          minmay_temple_entry_sparse_star, chequers_serial_rivers_room_a,
          dreamdust_gnoll_farm, uniq_edmund

Skill      XL: |  1  2  3  4  5  6 |
---------------+-------------------+-----
Stealth        | 1 2 3 |  3.1
Long Blades    | 3 4 |  4.1
Invocations    | 1 3 |  3.6
Fighting       | 3 |  3.8
Throwing       | |  1.7
Dodging        | |  2.6

Action                     |  1- 3 |  4- 6 || total
---------------------------+-------+-------++-------
  Melee: Long sword        |   109 |   173 ||   282
  Throw: Throwing net      |       |     3 ||     3
         Javelin           |       |     1 ||     1
 Invoke: Heroism           |       |     1 ||     1
    Use: Scroll            |       |     4 ||     4
   Stab: Sleeping          |     5 |     4 ||     9
         Held in net/web   |       |     1 ||     1
 Armour: Leather armour    |    57 |    83 ||   140
  Dodge: Dodged            |    87 |   172 ||   259

Table legend: (Time is in decaauts)
 A = Elapsed time spent in this place.
 B = Non-inter-level travel time spent in this place.
 C = Inter-level travel time spent in this place.
 D = Time resting spent in this place.
 E = Time spent auto-exploring this place.
 F = Levels seen in this place.
 G = Mean time per level.
                   A        B        C        D        E       F      G
               +--------+--------+--------+--------+--------+-----+--------+
         Total |   2865 |   2738 |    127 |    241 |   1726 |   4 |  716.2 |
       Dungeon |   2865 |   2738 |    127 |    241 |   1726 |   4 |  716.2 |
               +--------+--------+--------+--------+--------+-----+--------+

Top non-repeatable levels by time:
     D:3: 1090 daAuts
     D:1: 711 daAuts
     D:4: 564 daAuts
     D:2: 499 daAuts
